 Dungeon Crawl Stone Soup version 0.30-a0-360-g447f08457e (webtiles) character file.

Game seed: 12382916151517384758

3318 Lobster4 the Conjurer (level 9, -8/75 HPs)
             Began as a Grey Draconian Conjurer on Nov 14, 2022.
             Was a Believer of Vehumet.
             Succumbed to their own poison gas
             ... on level 8 of the Dungeon.
             The game lasted 00:33:44 (10596 turns).

Lobster4 the Conjurer (Grey Draconian Conjurer)    Turns: 10596, Time: 00:33:45

Health: -8/75      AC: 17    Str:  9    XL:     9   Next: 71%
Magic:  15/16      EV: 18    Int: 18    God:    Vehumet [**....]
Gold:   499        SH:  0    Dex: 13    Spells: 15/18 levels left

rFire   + + +      SeeInvis .    a - +6 long sword of the Unspeakable One {holy, rF+++ Will+ Int-2}
rCold   . . .      Faith    .    (no shield)
rNeg    . . .      Spirit   .    (body armour unavailable)
rPois   .          Reflect  .    (helmet restricted)
rElec   .          Harm     .    w - +0 cloak
rCorr   .          Rampage  .    f - +0 pair of gloves
Will    +....                    L - +2 pair of boots {Fly}
Stlth   ++........               (no amulet)
HPRegen 0.32/turn                g - +4 ring of evasion
MPRegen 0.15/turn                (no ring)

@: lethally poisoned (-8 -> -68), flying
A: AC +12, amphibious, unfitting armour, cold-blooded, agile 1, dopey 1,
screaming 1
a: Renounce Religion


You were on level 8 of the Dungeon.
You worshipped Vehumet.
Vehumet was pleased with you.
You visited 2 branches of the dungeon, and saw 9 of its levels.
You also visited: Bailey.

You collected 499 gold pieces.

Inventory:

Hand Weapons
 a - the +6 long sword of the Unspeakable One (weapon) {holy, rF+++ Will+ Int-2}
   (You took it off a gnoll on level 5 of the Dungeon)

   It has been blessed by the Shining One to cause great damage to the undead
   and demons.
   Int:       It affects your intelligence (-2).
   rF:        It renders you almost immune to fire.
   Will:      It increases your willpower.
 b - a +0 sling
 v - a +2 dagger of protection
 y - a +4 hand axe
 z - a +1 flail of venom
 C - a +4 broad axe
 H - a +0 broad axe
Missiles
 p - 27 boomerangs
 t - 4 javelins
 K - 5 curare-tipped darts
Armour
 f - a +0 pair of gloves (worn)
 h - a +0 buckler
 w - a +0 cloak (worn)
 L - a +2 pair of boots of flying (worn)
Jewellery
 g - a +4 ring of evasion (left hand)
 B - a ring of fire
Wands
 l - a wand of charming (10)
 s - a wand of mindburst (5)
 A - a wand of iceblast (6)
Scrolls
 j - 3 scrolls of immolation
 k - a scroll of poison
 n - a scroll of enchant weapon {unknown}
 o - a scroll of magic mapping
 q - 3 scrolls of fog
 r - a scroll of teleportation
 u - a scroll of amnesia {unknown}
 D - 4 scrolls of enchant armour {unknown}
 F - a scroll of identify
 I - a scroll of blinking {unknown}
 J - a scroll of brand weapon {unknown}
Potions
 c - a potion of flight
 d - 4 potions of magic
 e - 2 potions of curing {unknown}
 i - 3 potions of heal wounds
 m - a potion of haste
 x - 2 potions of brilliance
 E - a potion of attraction {unknown}
 G - 2 potions of mutation
Miscellaneous
 M - a lightning rod (4/4)


   Skills:
 + Level 5.7 Fighting
 - Level 1.0(2.0) Short Blades
 - Level 2.8(3.0) Long Blades
 - Level 3.0 Ranged Weapons
 + Level 5.1 Dodging
 - Level 2.0 Stealth
 + Level 5.1 Shields
 + Level 5.2 Spellcasting
 + Level 7.0 Conjurations
 + Level 2.6 Earth Magic
 - Level 3.0 Evocations


You had 15 spell levels left.
You knew the following spells:

 Your Spells              Type           Power      Damage    Failure   Level
a - Magic Dart            Conj           100%       1d8       1%          1
b - Searing Ray           Conj           60%        2d6       1%          2

Your spell library contained the following spells:

 Spells                   Type           Power      Damage    Failure   Level
 Kiss of Death            Conj/Necr      68%        2d10      3%          1
 Dazzling Flash           Conj/Hex       34%        N/A       9%          3
 Freeze                   Ice            16%        1d4       13%         1
 Necrotise                Necr           16%        1d4       13%         1
 Ensorcelled Hibernation  Hex/Ice        8%         N/A       21%         2
 Fulminant Prism          Conj/Hex       8%         3d7       30%         4
 Iskenderun's Mystic Bla  Conj/Tloc      17%        2d5       30%         4
 Frozen Ramparts          Ice            8%         1d2       36%         3
 Vampiric Draining        Necr           4%         2d6       36%         3
 Petrify                  Tmut/Erth      9%         N/A       58%         4
 Ice Form                 Ice/Tmut       4%         N/A       78%         4
 Passage of Golubria      Tloc           4%         N/A       78%         4
 Summon Ice Beast         Ice/Summ       4%         N/A       78%         4
 Agony                    Necr           4%         N/A       98%         5
 Metabolic Englaciation   Hex/Ice        2%         N/A       98%         5
 Silence                  Hex/Air        2%         N/A       98%         5
 Statue Form              Tmut/Erth      6%         N/A       100%        6
 Lehudib's Crystal Spear  Conj/Erth      11%        10d4      100%        8
 Polar Vortex             Ice            2%         N/A       100%        9


Dungeon Overview and Level Annotations

Branches:
Dungeon (8/15)             Temple (1/1) D:5          Bailey (visited)
   Lair: D:8-11

Altars:
Ashenzari
Cheibriados
Dithmenos
Elyvilon
Fedhas
Gozag
Hepliaklqana
Kikubaaqudgha
Nemelex Xobeh
Okawaru
Qazlal
Ru
Sif Muna
Trog
Uskayaw
Vehumet
Yredelemnul
Zin
The Shining One


Innate Abilities, Weirdness & Mutations

Your dull iron-grey scales are very hard. (AC +12)
You are amphibious.
You cannot fit into any form of body armour.
You are cold-blooded and may be slowed by cold attacks.
You are agile. (Dex +4, Str/Int -1)
You are dopey. (Int -2)
You occasionally shout uncontrollably at your foes.


Message History

The steam dragon is heavily wounded.
The steam dragon barely misses you. x2
Really read the scroll of poison?
The air fills with toxic fumes!
As you read the scroll of poison, it crumbles to dust.
The steam dragon completely misses you.
The steam dragon claws you but does no damage.
Really fly into that cloud of poison gas?
You are engulfed in poison gas.
You are poisoned.
You feel very sick.
You are engulfed in poison gas.
You are more poisoned.
You feel extremely sick. The steam dragon breathes steam at you.
The ball of steam hits you. You resist.
You are engulfed in poison gas.
You are more poisoned.
You feel extremely sick.
The two-headed ogre is engulfed in poison gas.
The two-headed ogre is poisoned.
The steam dragon breathes steam at you. The ball of steam misses you.
You hear a bellow!
You are engulfed in poison gas.
You are lethally poisoned!
* * * LOW HITPOINT WARNING * * *
You feel extremely sick.
The two-headed ogre looks even sicker.
You are engulfed in poison gas.
You are more poisoned.
* * * LOW HITPOINT WARNING * * *
x2 You feel extremely sick.
The two-headed ogre is engulfed in poison gas.
The two-headed ogre looks even sicker.
It was a potion of mutation.
You feel extremely strange.
You feel agile.
You feel stupid.
You feel the urge to shout.
You are engulfed in poison gas.
You are more poisoned.
* * * LOW HITPOINT WARNING * * *
You die...

*****,**#.........#,,,**,,,
#.* #§§§☼§§§§.#**,,,,,, #.*
#§☼§.§.§..#**,**,,,
###.###☼§☼D§§...#,,,**,,,
#..§§§§§§§§§....#,****,,,
#..§☼§8§§O.######,*,**,,,
#..☼§§§§§§§# *,*,,,,,,
##.8§§§§§8§# *,*,*****
##.§§§§§@§☼# *,*,**,,,
#..§§§§§.§§# *,*,,,,,,
#.8§§§§§.§8# *,****,,,
*****####..........#
*,,,,,,,,
*,,,,..............#
*********
*,#######..8.....8.#
*,#))...)..........#
*,#.######....8....#
*,#<..# #######.###


You could see a two-headed ogre (very poisoned) and a steam dragon.

Vanquished Creatures
  An orc warlord (Bailey)
  2 steam dragons
  Menkaure (D:4)
  Edmund (D:6)
  4 orc warriors
  An ice beast (D:6)
  2 ogres
  A bullfrog (D:7)
  A necrophage (D:5)
  2 scorpions
  3 wights (D:6)
  3 howler monkeys
  2 orc priests (D:7)
  4 hounds
  A gnoll bouda (Temple)
  Ijyb (D:3)
  Terence (D:3)
  4 iguanas
  4 orc wizards
  Robin (D:2)
  20 gnolls
  3 adders
  3 shadow imps
  2 white imps
  2 worms (D:2)
  4 dart slugs
  19 orcs
  6 bats
  2 endoplasms
  3 giant cockroaches
  23 goblins
  11 hobgoblins
  10 jackals
  4 quokkas
  4 ball pythons
  A frilled lizard (D:1)
  18 kobolds
  7 rats
182 creatures vanquished.

Notes
Turn   | Place    | Note
-------+----------+-------------------------------------------
     0 | D:1      | Lobster4 the Draconian Conjurer began the quest for the
                  | Orb.
     0 | D:1      | Reached XP level 1. HP: 14/14 MP: 3/3
   250 | D:1      | Reached XP level 2. HP: 22/22 MP: 0/5
   802 | D:1      | Learned a level 2 spell: Searing Ray
   927 | D:2      | Reached XP level 3. HP: 27/27 MP: 2/6
  1056 | D:2      | Reached skill level 1 in Fighting
  1343 | D:2      | Reached skill level 1 in Shields
  1534 | D:2      | Noticed Robin
  1659 | D:2      | Killed Robin
  1876 | D:2      | Reached XP level 4. HP: 35/35 MP: 0/7
  2073 | D:2      | Reached skill level 1 in Short Blades
  2318 | D:3      | Found a stormy altar of Qazlal.
  2327 | D:3      | Got Sif Muna's Parchment of Graupel
  2465 | D:3      | Noticed Ijyb
  2514 | D:3      | Killed Ijyb
  2740 | D:3      | Found a faded altar of an unknown god.
  2935 | D:3      | Noticed Terence
  2944 | D:3      | Killed Terence
  2945 | D:3      | Reached XP level 5. HP: 37/41 MP: 3/9
  3613 | D:4      | Found a shimmering blue altar of Sif Muna.
  3631 | D:4      | Found a snail-covered altar of Cheibriados.
  3633 | D:4      | Found a hazy altar of Hepliaklqana.
  3634 | D:4      | Found a sacrificial altar of Ru.
  3635 | D:4      | Found a basalt altar of Yredelemnul.
  3999 | D:4      | Noticed Menkaure
  4014 | D:5      | Entered Level 5 of the Dungeon
  4096 | D:5      | Found a staircase to the Ecumenical Temple.
  4109 | D:5      | Reached XP level 6. HP: 42/50 MP: 1/10
  4284 | Temple   | Entered the Ecumenical Temple
  4333 | Temple   | Became a worshipper of Vehumet
  4662 | Temple   | Reached skill level 5 in Conjurations
  4662 | Temple   | Reached skill level 1 in Evocations
  5051 | D:5      | Your scales start taking on a dull iron-grey colour.
  5051 | D:5      | Reached XP level 7. HP: 57/57 MP: 6/12
  5372 | D:5      | Identified the +6 long sword of the Unspeakable One {holy,
                  | rF+++ Will+ Int-2}
  5541 | D:5      | Found the +2 ratskin cloak {*Rats rPois rN+ Str-1 Int-1
                  | Dex+1}
  6118 | D:6      | Noticed Edmund
  6224 | D:6      | Reached skill level 1 in Long Blades
  6224 | D:6      | Reached skill level 1 in Ranged Weapons
  6384 | D:6      | Reached XP level 8. HP: 66/66 MP: 8/13
  7021 | D:6      | Killed Edmund
  7021 | D:6      | Reached * piety under Vehumet
  7021 | D:6      | Offered knowledge of Foxfire by Vehumet.
  8706 | D:4      | Killed Menkaure
  8707 | D:4      | Reached skill level 6 in Conjurations
  8929 | D:4      | Reached XP level 9. HP: 73/73 MP: 8/15
  9416 | D:8      | Found a flagged portal.
  9541 | D:8      | Reached skill level 5 in Fighting
  9556 | Bailey   | Entered a bailey
  9661 | Bailey   | Noticed an orc warlord
  9708 | Bailey   | Reached ** piety under Vehumet
  9793 | Bailey   | Offered knowledge of Kiss of Death by Vehumet.
 10090 | Bailey   | Found a runed translucent gate.
 10100 | Bailey   | Found a runed translucent gate.
 10101 | Bailey   | Found a runed translucent gate.
 10127 | Bailey   | Reached skill level 1 in Earth Magic
 10354 | Bailey   | Killed an orc warlord
 10355 | Bailey   | Reached skill level 5 in Dodging
 10355 | Bailey   | Reached skill level 5 in Shields
 10355 | Bailey   | Reached skill level 5 in Spellcasting
 10355 | Bailey   | Reached skill level 7 in Conjurations
 10499 | Bailey   | Acquired a +2 pair of boots of flying
 10582 | D:8      | Noticed a two-headed ogre
 10596 | D:8      | Gained mutation: You are agile. (Dex +4, Str/Int -1)
                  | [potion of mutation]
 10596 | D:8      | Gained mutation: You are dopey. (Int -2) [potion of
                  | mutation]
 10596 | D:8      | Gained mutation: You occasionally shout uncontrollably at
                  | your foes. [potion of mutation]
 10596 | D:8      | Succumbed to their own poison gas

Illustrated notes

Levels and vault maps discovered:
D:1:      minmay_arrival_doors, layout_basic
D:2:      layout_loops_ring, uniq_robin
D:3:      minmay_diamond_boxcup, layout_rooms,
          mainiacjoe_overflow_small_starburst,
          hellmonk_ecumenical_altar_blasted, uniq_terence, uniq_ijyb
D:4:      layout_gridville, minitemple, uniq_menkaure
D:5:      layout_gridville, minmay_temple_entry_statues_pillars
D:6:      layout_layer_cave, kennysheep_cross_bottleneck, uniq_edmund
D:7:      layout_rooms
D:8:      layout_basic, makhleb_altar_promises_db, enter_ossuary_2,
          enter_bailey_6, minmay_misc_feat_enclosed, minmay_lindwurm_lava,
          uniq_gastronok
Temple:   hellmonk_temple_forest_ring

Skill      XL: |  1  2  3  4  5  6  7  8  9 |
---------------+----------------------------+-----
Stealth        | 2 |  2.0
Dodging        | 2 3 4 5 |  5.1
Fighting       | 1 2 3 4 5 |  5.7
Shields        | 1 2 3 4 5 |  5.1
Short Blades   | 1 |  1.0
Spellcasting   | 3 4 5 |  5.2
Conjurations   | 5 6 7 |  7.0
Evocations     | 1 2 3 |  3.0
Long Blades    | 1 2 |  2.8
Ranged Weapons | 1 2 3 |  3.0
Earth Magic    | 2 |  2.6

Action                   |  1- 3 |  4- 6 |  7- 9 || total
-------------------------+-------+-------+-------++-------
Melee: Dagger            |    41 |    48 |       ||    89
       Tailslap          |     6 |     4 |     6 ||    16
       Punch             |     1 |       |     1 ||     2
       Long sword        |       |       |    63 ||    63
 Fire: Sling             |       |       |    56 ||    56
Throw: Dart              |       |       |     5 ||     5
 Cast: Magic Dart        |    65 |    58 |    82 ||   205
       Searing Ray       |     3 |    31 |    57 ||    91
Evoke: Wand              |       |     3 |       ||     3
  Use: Scroll            |     4 |     1 |     9 ||    14
       Potion            |       |       |     3 ||     3
 Stab: Sleeping          |       |     1 |       ||     1
Armor: Skin              |     8 |    22 |    32 ||    62
Dodge: Dodged            |    32 |    63 |   111 ||   206

Table legend: (Time is in decaauts)
 A = Elapsed time spent in this place.
 B = Non-inter-level travel time spent in this place.
 C = Inter-level travel time spent in this place.
 D = Time resting spent in this place.
 E = Time spent auto-exploring this place.
 F = Levels seen in this place.
 G = Mean time per level.
                   A        B        C        D        E       F      G
               +--------+--------+--------+--------+--------+-----+--------+
         Total |  10607 |  10245 |    362 |   1827 |   6440 |  10 | 1060.7 |
       Dungeon |   9049 |   8700 |    349 |   1145 |   6025 |   8 | 1131.1 |
        Temple |    551 |    538 |     13 |    378 |    115 |   1 |  551.0 |
        Bailey |   1006 |   1006 |      0 |    304 |    300 |   1 | 1006.0 |
               +--------+--------+--------+--------+--------+-----+--------+

Top non-repeatable levels by time:
     D:6: 1977 daAuts
     D:5: 1441 daAuts
     D:2: 1421 daAuts
     D:4: 1394 daAuts
     D:3: 1063 daAuts
  Bailey: 1006 daAuts
     D:7: 838 daAuts
     D:1: 801 daAuts
  Temple: 551 daAuts
     D:8: 110 daAuts
